 Dungeon Crawl Stone Soup version 0.22-a0-75-g1fede22 (webtiles) character file.

190 KristoblXynda the Shield-Bearer (level 6, -3/47 HPs)
             Began as a Formicid Fighter on Jan 12, 2018.
             Slain by Sigmund
             ... wielding a +1 scythe of protection
              (12 damage)
             ... on level 3 of the Dungeon.
             The game lasted 00:06:08 (2034 turns).

KristoblXynda the Shield-Bearer (Formicid Fighter)  Turns: 2034, Time: 00:06:09

Health: -3/47      AC:  9    Str: 18 (21) XL:     6   Next: 1%
Magic:  6/6        EV:  9    Int:  6 (8)  God:
Gold:   104        SH:  0    Dex: 10 (11) Spells: 5/5 levels left

rFire    + . .     SeeInvis +   a - +0 long sword
rCold    + . .     Gourm    .   c - +0 shield
rNeg     . . .     Faith    .   m - +3 ring mail
rPois    +         Spirit   .   (helmet unavailable)
rElec    +         Reflect  .   (no cloak)
rCorr    +         Harm     .   (no gloves)
MR       .....                  (no boots)
Stlth    ..........             (no amulet)
HPRegen  0.15/turn              (no ring)
MPRegen  0.10/turn              (no ring)

@: confused, resistant
A: permanent stasis, dig shafts and tunnels, four strong arms, antennae 3
a: Dig, Shaft Self


You were on level 3 of the Dungeon.
You were not hungry.

You visited 1 branch of the dungeon, and saw 3 of its levels.

You collected 104 gold pieces.

Inventory:

Hand Weapons
 a - a +0 long sword (weapon)
Armour
 c - a +0 shield (worn)
 l - a +0 chain mail
 m - a +3 ring mail (worn)
Wands
 s - a wand of digging (8)
Scrolls
 e - 2 scrolls of amnesia
 h - 2 scrolls of remove curse
 i - a scroll of magic mapping {unknown}
 j - a scroll of blinking {unknown}
 k - a scroll of enchant armour {unknown}
Potions
 b - a potion of mutation
 d - a potion of might
 g - a potion of agility
 o - a potion of magic
 p - a potion of resistance
 t - a potion of degeneration
Comestibles
 f - 5 rations
 q - a chunk of flesh


   Skills:
 - Level 3.2 Fighting
 * Level 4.2 Long Blades
 + Level 4.4 Armour
 + Level 4.8 Shields


You had 5 spell levels left.
You didn't know any spells.

Dungeon Overview and Level Annotations

Branches:
Dungeon (3/15)

Altars:

Annotations:
D:3 Sigmund


Innate Abilities, Weirdness & Mutations

You cannot be hasted, slowed, berserked, paralysed or teleported.
You can dig through walls and to a lower floor.
Your four strong arms can wield two-handed weapons with a shield.
You have a pair of large antennae on your head. (SInv)


Message History

Sigmund hits you with a scythe of protection.
* * * LOW HITPOINT WARNING * * *
You closely miss Sigmund.
Sigmund is almost dead.
Sigmund points at you and mumbles some strange words.
You are confused.
You barely miss Sigmund.
Sigmund is almost dead.
Sigmund casts a spell.
Sigmund flickers and vanishes for a moment.
You miss Sigmund.
Sigmund is almost dead.
Sigmund giggles. "Time to reap what you sow."
Sigmund closely misses you.
Sigmund points at you and mumbles some strange words.
The magic dart hits you!
* * * LOW HITPOINT WARNING * * *
Sigmund misses you.
Sigmund hits you from afar with a scythe of protection!
You die...

###### #....# #....#
#....# #....# #.@.@##
#.....###
#.......##### .
##.(#†......########.
##.#................
#..........#.......
#####..#.#.........
##.#...#......#
#..##.#......#


You could see Sigmund (invisible).

Vanquished Creatures
  A big kobold (D:3)
  Ijyb (D:3)
  3 adders
  2 worms
  A dart slug (D:1)
  2 leopard geckos
  4 giant cockroaches
  6 goblins
  6 hobgoblins
  5 jackals (D:1)
  A quokka (D:2)
  7 bats
  4 frilled lizards
  10 kobolds
  12 rats
65 creatures vanquished.

Notes
Turn   | Place    | Note
-------+----------+-------------------------------------------
     0 | D:1      | KristoblXynda the Formicid Fighter began the quest for the Orb.
     0 | D:1      | Reached XP level 1. HP: 18/18 MP: 1/1
    50 | D:1      | Reached XP level 2. HP: 11/24 MP: 2/2
   480 | D:1      | Reached XP level 3. HP: 24/29 MP: 3/3
   971 | D:2      | Reached XP level 4. HP: 35/35 MP: 4/4
  1569 | D:3      | Noticed a big kobold
  1582 | D:3      | Killed a big kobold
  1582 | D:3      | Reached XP level 5. HP: 37/41 MP: 5/5
  1914 | D:3      | Noticed Ijyb
  1931 | D:3      | Killed Ijyb
  1962 | D:3      | Reached XP level 6. HP: 43/47 MP: 6/6
  1982 | D:3      | Noticed Sigmund
  2034 | D:3      | Slain by Sigmund

Vault maps used:
D:1:      grunt_arrival_lava_bath, minmay_misc_feat_plants
D:2:      first_ration
D:3:      uniq_sigmund, uniq_ijyb

Skill      XL: |  1  2  3  4  5 |
---------------+----------------+-----
Shields        | 4 |  4.8
Long Blades    | 3 4 |  4.2
Armour         | 4 |  4.4
Fighting       | |  3.2

Action                   |  1- 3 |  4- 6 || total
-------------------------+-------+-------++-------
Melee: Long sword        |   107 |   133 ||   240
  Use: Scroll            |     3 |     1 ||     4
       Potion            |       |     6 ||     6
  Eat: Chunk             |       |     4 ||     4
Armor: Scale mail        |    67 |       ||    67
       Ring mail         |    11 |    29 ||    40
Dodge: Dodged            |    51 |    55 ||   106
Block: Shield            |    88 |    58 ||   146
       Rpst.: Long sword |    15 |    25 ||    40

Table legend:
 A = Spawn XP
 B = Non-spawn XP
 C = Spawn XP percentage of total XP
 D = Spawn monster count
 E = Non-spawn monster count
 F = Spawn count percentage of total count
 G = Total turns spent on level
                    A         B        C        D         E        F      G
               +---------+---------+-------+---------+---------+-------+---------
         Total |       0 |     272 |   0.0 |       0 |      65 |   0.0 |  2034
               +---------+---------+-------+---------+---------+-------+---------
           D:1 |       0 |      48 |   0.0 |       0 |      31 |   0.0 |   841
           D:2 |       0 |      35 |   0.0 |       0 |      14 |   0.0 |   687
           D:3 |       0 |     189 |   0.0 |       0 |      20 |   0.0 |   506
               +---------+---------+-------+---------+---------+-------+---------
